 Dungeon Crawl Stone Soup version 0.18-a0-739-gdae9da8 (webtiles) character file.

310 Raultor the Slasher (level 6, -1/47 HPs)
             Began as a Demonspawn Gladiator on Dec 10, 2015.
             Killed by divine providence
             ... invoked by an orc priest
              (10 damage)
             ... on level 3 of the Dungeon.
             The game lasted 00:09:51 (2715 turns).

Raultor the Slasher (Demonspawn Gladiator)          Turns: 2715, Time: 00:09:52

Health: -1/47      AC:  9    Str: 17    XL:     6   Next: 18%
Magic:  6/6        EV: 12    Int:  9    God:
Gold:   170        SH:  3    Dex: 14    Spells: 0 memorised, 5 levels left

rFire  . . .     SeeInvis .     a - +0 long sword
rCold  + + .     Clarity  .     l - +0 ring mail (curse)
rNeg   . . .     SustAt   +     (no shield)
rPois  .         Gourm    .     c - +0 helmet
rElec  .         Spirit   .     (no cloak)
rCorr  .         Dismiss  .     (no gloves)
rMut   .         Stasis   .     (no boots)
MR     .....                    (no amulet)
Stlth  +.........               B - ring of protection from cold {rC+, !d}
                                i - ring of sustain attributes

@: not resistant to hostile enchantments, very unstealthy
A: large bone plates 2, cold resistance 1, powered by pain 1
a: no special abilities


You were on level 3 of the Dungeon.
You were not hungry.

You visited 1 branch of the dungeon, and saw 3 of its levels.

You collected 170 gold pieces.

Inventory:

Hand Weapons
 a - a +0 long sword (weapon)
 w - a +0 rapier of venom
   (You found it on level 2 of the Dungeon)
Missiles
 d - 3 throwing nets {=f, !d}
Armour
 b - a +0 leather armour
 c - a +0 helmet (worn)
 h - a +0 chain mail
   (You found it on level 1 of the Dungeon)
 l - a cursed +0 ring mail (worn)
   (You found it on level 1 of the Dungeon)
 y - a +1 cloak of invisibility
   (You took it off Crazy Yiuf on level 2 of the Dungeon)
Jewellery
 f - an uncursed ring of stealth {Stlth+}
   (You found it on level 2 of the Dungeon)
 i - a ring of sustain attributes (left hand)
   (You found it on level 1 of the Dungeon)
 B - a ring of protection from cold (right hand) {rC+, !d}
   (You found it on level 3 of the Dungeon)
Wands
 p - a wand of digging (9)
   (You found it on level 2 of the Dungeon)
 r - a wand of slowing (5)
   (You took it off a kobold on level 2 of the Dungeon)
 v - a wand of teleportation (4)
   (You found it on level 2 of the Dungeon)
 x - a wand of confusion (29)
   (You took it off Natasha on level 2 of the Dungeon)
Scrolls
 j - 2 scrolls of identify {unknown}
 m - a scroll of enchant weapon {unknown}
 n - a scroll of immolation {unknown}
 o - 3 scrolls of teleportation {unknown}
 q - 3 scrolls of magic mapping {unknown}
 t - a scroll of noise {unknown}
 u - 2 scrolls of fog {unknown}
 z - a scroll of recharging {unknown}
 A - 2 scrolls of remove curse {unknown}
Comestibles
 e - 4 bread rations {@e1}
 g - 5 meat rations {@e2}
 k - a beef jerky
 s - 2 chunks of flesh {@w0}


   Skills:
 + Level 3.3 Fighting
 * Level 4.4 Long Blades
 + Level 2.9 Throwing
 + Level 3.9 Dodging


You had 5 spell levels left.
You didn't know any spells.

Dungeon Overview and Level Annotations

Branches:
Dungeon (3/15)

Altars:
Cheibriados
Vehumet


Innate Abilities, Weirdness & Mutations

You are mostly covered in large bone plates (AC +3, SH +3).
Your flesh is cold resistant.
You sometimes gain a little power by taking damage.


Message History

You closely miss the bat. You block the bat's attack.
The bat hits you but does no damage. The bat barely misses you.
You barely miss the bat. The bat misses you.
You hit the bat.
You kill the bat!
No target in view!
No target in view!
You see here a bat corpse.
You butcher the bat corpse.
s - 13 chunks of flesh {@w0} (gained 1)
Things that are here:
a dagger; an orc corpse
g - 5 meat rations {@e2} (gained 1)
An ooze comes into view.
The ooze quivers.
Health restored: 47 The ooze hits you but does no damage.
You hit the ooze. The ooze hits you but does no damage. The ooze hits you.
You take 3 damage, and have 44/47 hp.
You barely miss the ooze. The ooze closely misses you.
You slash the ooze!
You kill the ooze!
No target in view! 2 orc priests come into view.
Health restored: 47 You now have 170 gold pieces (gained 15).
An orc comes into view. It is wielding a whip.
The orc shouts!
An orc comes into view.
A hobgoblin and an orc come into view.
The orc shouts!
The hobgoblin shouts!
Some of the chunks of flesh in your inventory have rotted away.
The orc hits you with a whip.
You take 1 damage, and have 46/47 hp.
You hit the orc. The orc hits you with a whip.
A bat comes into view.
You take 2 damage, and have 44/47 hp.
You hit the orc. The orc hits you with a whip.
You take 3 damage, and have 41/47 hp.
You slash the orc!
You kill the orc!
The hobgoblin closely misses you.
Your ring mail prevents you from hitting the hobgoblin.
The hobgoblin closely misses you.
You slash the hobgoblin!
You kill the hobgoblin!
The bat closely misses you.
You barely miss the orc. The orc barely misses you.
You hit the orc.
You kill the orc!
The bat hits you but does no damage.
You completely miss the orc. The orc misses you. The orc hits you.
You take 2 damage, and have 40/47 hp.
You slash the orc! The orc hits you but does no damage.
You hit the orc but do no damage. The orc hits you.
You take 1 damage, and have 39/47 hp.
You slash the orc!
You kill the orc!
The bat hits you but does no damage. x2
You closely miss the bat. The bat closely misses you.
The bat barely misses you.
Items here: ( ) [[ ††† You hit the bat.
You kill the bat!
No target in view!
You butcher the orc corpse.
s - 6 chunks of flesh {@w0} (gained 1)
Items here: ( ) [[ †† a leather armour; a whip; a leather armour; 4 tomahawks; a hobgoblin corpse an orc corpse
Okay, then.
Some of the chunks of flesh in your inventory have rotted away.
An orc comes into view. It is wielding a trident.
Health restored: 47 The orc hits you from afar with a trident.
You take 5 damage, and have 42/47 hp.
The orc priest shouts!
The orc closely misses you.
You closely miss the orc. The orc closely misses you.
The orc priest invokes the aid of Beogh against you.
Something smites you!
You take 13 damage, and have 29/47 hp.
MASSIVE DAMAGE!!
The orc hits you but does no damage.
The orc priest mumbles some strange prayers to Beogh against you.
Something smites you!
You take 11 damage, and have 18/47 hp.
MASSIVE DAMAGE!!
The orc priest invokes the aid of Beogh against you.
You barely resist.
The orc priest invokes the aid of Beogh against you.
Something smites you!
* * * LOW HITPOINT WARNING * * *
You take 11 damage, and have 8/47 hp.
MASSIVE DAMAGE!!
The orc priest looks braver for a moment.
The orc priest calls down the wrath of Beogh upon you.
Something smites you!
You die...

######........#...............###
.#..............#######..........
...###........#########..........
.>####...............#....)......
..............######.#...........
.#............# #.#...........
..#....[....### #.#...........
..##........########.............
...#......oo.o..@................
............#####................
...................###....>......
...#.........###..###..........##
......#(..#.....................#
......##..#...######.............
......##..#....## #.............
..........#.....# ##)............
................###<))...........


You could see 2 orc priests and an orc.

Vanquished Creatures
  The ghost of WhatIsLove the Magician, an amateur DrCj (D:3)
  Crazy Yiuf (D:2)
  Natasha (thrice) (D:2)
  A gnoll (D:2)
  3 adders
  3 oozes
  A giant gecko (D:3)
  10 orcs
  6 hobgoblins
  6 kobolds
  2 quokkas
  2 ball pythons (D:1)
  10 bats
  2 giant cockroaches (D:1)
  7 goblins
  15 rats
  2 fungi (D:2)
75 creatures vanquished.

Notes
Turn   | Place    | Note
--------------------------------------------------------------
     0 | D:1      | Raultor the Demonspawn Gladiator began the quest for the Orb.
     0 | D:1      | Reached XP level 1. HP: 16/16 MP: 1/1
    41 | D:1      | Gained mutation: You are partially covered in large bone plates (AC +2, SH +2). [demonic ancestry]
    41 | D:1      | Reached XP level 2. HP: 17/22 MP: 2/2
   294 | D:1      | Reached skill level 3 in Dodging
   370 | D:1      | Reached skill level 2 in Throwing
   388 | D:1      | Reached skill level 3 in Long Blades
   444 | D:1      | Reached XP level 3. HP: 28/28 MP: 3/3
  1167 | D:2      | Noticed Natasha
  1173 | D:2      | Killed Natasha
  1173 | D:2      | Gained mutation: You are mostly covered in large bone plates (AC +3, SH +3). [demonic ancestry]
  1173 | D:2      | Reached XP level 4. HP: 34/34 MP: 4/4
  1186 | D:2      | Noticed Natasha
  1201 | D:2      | Killed Natasha
  1364 | D:2      | Found a snail-covered altar of Cheibriados.
  1739 | D:2      | Noticed Natasha
  1744 | D:2      | Killed Natasha
  1841 | D:2      | Noticed Crazy Yiuf
  1854 | D:2      | Killed Crazy Yiuf
  1854 | D:2      | Gained mutation: You sometimes gain a little power by taking damage. [demonic ancestry]
  1854 | D:2      | Reached XP level 5. HP: 12/40 MP: 5/5
  1860 | D:2      | HP: 10/40 [poisoned by Crazy Yiuf]
  1867 | D:2      | HP: 9/40 [poisoned by Crazy Yiuf]
  1875 | D:2      | HP: 8/40 [poisoned by Crazy Yiuf]
  2178 | D:3      | Noticed WhatIsLove's ghost (amateur DrCj)
  2199 | D:3      | Killed WhatIsLove's ghost
  2199 | D:3      | Reached skill level 3 in Fighting
  2199 | D:3      | Reached skill level 4 in Long Blades
  2199 | D:3      | Gained mutation: Your flesh is cold resistant. [demonic ancestry]
  2199 | D:3      | Reached XP level 6. HP: 14/47 MP: 6/6
  2475 | D:3      | Found a radiant altar of Vehumet.
  2713 | D:3      | HP: 8/47 [orc priest/divine providence (11)]
  2715 | D:3      | Killed from afar by an orc priest

Vault maps used:
D:1:      erik_arrival_orb_chamber
D:2:      minmay_misc_feat_room, cheibriados_altar_wand_db,
          uniq_crazy_yiuf_cottage, uniq_natasha
D:3:      overflow_temple_1_default, grunt_gozag_statues

Action                   |  1- 3 |  4- 6 || total
-------------------------+-------+-------++-------
Melee: Long sword        |    92 |   178 ||   270
Evoke: Wand              |       |     2 ||     2
  Use: Potion            |       |     2 ||     2
 Stab: Sleeping          |     1 |     2 ||     3
  Eat: Chunk             |     1 |     5 ||     6

Vault maps used:
D:1:      erik_arrival_orb_chamber
D:2:      minmay_misc_feat_room, cheibriados_altar_wand_db,
          uniq_crazy_yiuf_cottage, uniq_natasha
D:3:      overflow_temple_1_default, grunt_gozag_statues

Table legend:
 A = Turns spent in this place as a percentage of turns spent in the entire game.
 B = Non-inter-level travel turns spent in this place as a percentage of non-inter-level travel turns spent in the entire game.
 C = Inter-level travel turns spent in this place as a percentage of turns spent in this place.
 D = Turns resting spent in this place as a percentage of non-inter-level travel turns spent in this place.
 E = Turns spent auto-exploring this place as a percentage of non-inter-level travel turns spent in this place.
 F = Non-inter-level travel turns spent in this place divided by the number of levels of this place that you've seen.
                   A       B       C       D       E      F
               +-------+-------+-------+-------+-------+----------------------
         Total | 100.0 | 100.0 |   0.2 |   1.7 |  10.2 | 267.3
       Dungeon | 100.0 | 100.0 |   0.2 |   1.7 |  10.2 | 267.3
               +-------+-------+-------+-------+-------+----------------------

Table legend:
 A = Kills in this place as a percentage of kills in entire the game.
 B = Kills by you in this place as a percentage of kills by you in the entire game.
 C = Kills by friends in this place as a percentage of kills by friends in the entire game.
 D = Other kills in this place as a percentage of other kills in the entire game.
 E = Experience gained in this place as a percentage of experience gained in the entire game.
 F = Experience gained in this place divided by the number of levels of this place that you have seen.
                   A       B       C       D       E      F
               +-------+-------+-------+-------+-------+----------------------
         Total | 100.0 | 100.0 |  -nan |  -nan | 100.0 | 148.0
       Dungeon | 100.0 | 100.0 |  -nan |  -nan | 100.0 | 148.0
               +-------+-------+-------+-------+-------+----------------------
